 Dungeon Crawl Stone Soup version 0.27.1-34-g3ba077fa99 (webtiles) character file.

Game seed: 14013737027244565237

281 copperbird the Cudgeller (level 6, -3/61 HPs)
             Began as a Troll Fighter on Jan 9, 2022.
             Slain by an adder (4 damage)
             ... on level 4 of the Dungeon.
             The game lasted 00:12:36 (1964 turns).

copperbird the Cudgeller (Troll Fighter)            Turns: 1964, Time: 00:12:37

Health: -3/61      AC:  4    Str: 27    XL:     6   Next: 6%
Magic:  4/5        EV: 10    Int:  4    God:
Gold:   139        SH:  0    Dex:  9    Spells: 4/5 levels left

rFire    . . .     SeeInvis .   j - +2 scythe (freeze)
rCold    . . .     Faith    .   (shield currently unavailable)
rNeg     . . .     Spirit   .   b - +0 robe
rPois    .         Reflect  .   (helmet restricted)
rElec    .         Harm     .   (no cloak)
rCorr    .         Rampage  .   (gloves unavailable)
Will     .....                  (boots unavailable)
Stlth    +.........             (no amulet)
HPRegen  1.20/turn              (no ring)
MPRegen  0.09/turn              (no ring)

@: mighty, lethally poisoned (-3 -> -5)
A: large, unfitting armour, claws 3, regeneration 1, shaggy fur 1, tough skin 1
a: no special abilities


You were on level 4 of the Dungeon.
You visited 1 branch of the dungeon, and saw 4 of its levels.

You collected 139 gold pieces.

Inventory:

Hand Weapons
 a - a +0 flail
 e - a +0 short sword
 i - a +0 club
 j - a +2 scythe of freezing (weapon)
 m - a +0 club
 t - a +0 club
 w - a +0 dagger of holy wrath
 z - a +0 dagger
 E - a +0 short sword
 H - a +0 falchion
Missiles
 o - 22 stones (quivered)
 s - 18 sling bullets
 u - 25 arrows
 B - 25 bolts
Armour
 b - a +0 robe (worn)
 c - a +0 kite shield
 n - a +0 robe
 q - a +0 robe
 r - a +0 leather armour
 v - a +0 leather armour
 y - a +0 leather armour
 D - a +0 leather armour
Wands
 f - a wand of flame (17)
Scrolls
 A - a scroll of noise
 I - a scroll of identify {unknown}
Potions
 g - a potion of attraction
 h - a potion of degeneration {unknown}
 k - a potion of invisibility {unknown}
 l - a potion of berserk rage
 F - a potion of flight {unknown}
 G - 2 potions of brilliance {unknown}


   Skills:
 + Level 3.0 Fighting
 + Level 3.6 Maces & Flails
 + Level 3.5 Dodging
 + Level 0.4 Stealth
 + Level 3.3 Shields


You had 4 spell levels left.
You knew the following spells:

 Your Spells              Type           Power      Damage    Failure   Level
a - Pain                  Necr           0%         1d4       50%         1

Your spell library contained the following spells:

 Spells                   Type           Power      Damage    Failure   Level
 Agony                    Necr           0%         N/A       100%        5
 Excruciating Wounds      Necr           0%         N/A       100%        5


Dungeon Overview and Level Annotations

Branches:
Dungeon (4/15)
 Temple: D:4-7

Altars:
Kikubaaqudgha
Wu Jian

Annotations:
D:4 3 runed translucent doors, tevior's ghost, amateur DrTm


Innate Abilities, Weirdness & Mutations

You are too large for most types of armour.
You have claws for hands.
Your natural rate of healing is unusually fast.
You are covered in fur. (AC +1)
You have tough skin. (AC +1)


Message History

The adder is severely wounded.
The centaur zombie hits you. The centaur zombie closely misses you.
The adder bites you.
The centaur zombie hits you but does no damage.
The centaur zombie kicks you but does no damage.
The adder closely misses you.
You slash the centaur zombie!
The centaur zombie is moderately damaged.
The centaur zombie hits you. The centaur zombie kicks you. The adder bites you.
* * * LOW HITPOINT WARNING * * *
You are poisoned.
The adder poisons you! The centaur zombie barely misses you.
The centaur zombie closely misses you. The adder bites you but does no damage.
The centaur zombie hits you but does no damage.
The centaur zombie kicks you.
* * * LOW HITPOINT WARNING * * *
The adder bites you.
* * * LOW HITPOINT WARNING * * *
You are more poisoned.
The adder poisons you!
Your magical contamination has completely faded away.
The black bear growls angrily.
You slash the centaur zombie!
The centaur zombie is severely damaged.
You feel very sick. The centaur zombie misses you.
The centaur zombie barely misses you. The adder barely misses you.
The centaur zombie hits you.
* * * LOW HITPOINT WARNING * * *
The centaur zombie closely misses you. The adder bites you.
* * * LOW HITPOINT WARNING * * *
You are lethally poisoned!
The adder poisons you! The centaur zombie closely misses you.
The centaur zombie kicks you.
* * * LOW HITPOINT WARNING * * *
You slash the centaur zombie! You freeze the centaur zombie.
You destroy the centaur zombie!
* * * LOW HITPOINT WARNING * * *
You feel extremely sick. The adder bites you.
You die...

........#....... #
........#.......#.#...#.#. #
............... #..#.#..#
..........).# .#.......#
............###.#...FhS.#...
.######.........###+++###...
#................ ....
#....S...#####.#####..
#....@................
#.....................
##....................#
#......................
#.............†........
#...###................
##### #................
#.#######.#####.. #.. ...#
#..


You could see an adder.

Vanquished Creatures
  Sigmund (D:4)
  A centaur zombie (D:4)
  Jessica (D:2)
  An adder (D:3)
  A worm (D:2)
  3 dart slugs
  2 orcs (D:3)
  9 ball pythons
  2 bats (D:1)
  9 endoplasms
  5 giant cockroaches
  A goblin (D:3)
  4 hobgoblins
  A jackal (D:3)
  5 kobolds
  2 quokkas
  3 frilled lizards
  2 rats (D:2)
53 creatures vanquished.

Vanquished Creatures (collateral kills)
  A hound (D:4)
1 creature vanquished.

Grand Total: 54 creatures vanquished

Notes
Turn   | Place    | Note
-------+----------+-------------------------------------------
     0 | D:1      | copperbird the Troll Fighter began the quest for the Orb.
     0 | D:1      | Reached XP level 1. HP: 22/22 MP: 0/0
   209 | D:1      | Reached XP level 2. HP: 29/29 MP: 1/1
   414 | D:1      | You fall into a shaft and drop 1 floor!
   419 | D:2      | Noticed Jessica
   428 | D:2      | Killed Jessica
   429 | D:2      | Reached XP level 3. HP: 36/36 MP: 2/2
   640 | D:2      | Learned a level 1 spell: Pain
   950 | D:3      | Reached XP level 4. HP: 44/44 MP: 3/3
  1435 | D:3      | Found an ancient bone altar of Kikubaaqudgha.
  1505 | D:3      | Found an ornate altar of the Wu Jian Council.
  1819 | D:4      | Noticed Sigmund
  1846 | D:4      | Killed Sigmund
  1847 | D:4      | Reached XP level 5. HP: 53/53 MP: 4/4
  1897 | D:4      | Found a runed translucent gate.
  1897 | D:4      | Found a runed translucent gate.
  1900 | D:4      | Noticed tevior's ghost (amateur DrTm)
  1903 | D:4      | Reached XP level 6. HP: 58/61 MP: 5/5
  1911 | D:4      | Found a runed translucent gate.
  1964 | D:4      | HP: 1/61 [poisoned by an adder]
  1964 | D:4      | Slain by an adder

Illustrated notes

Levels and vault maps discovered:
D:1:      dpeg_arrival_fog, layout_basic
D:2:      layout_loops_ring, basic_altar, ebering_ecumenical_altar_box,
          minmay_quadrilaterals, uniq_jessica
D:3:      layout_rooms, lemuel_coloured_pillars_altar,
          nicolae_overflow_crystal_walls, minmay_increasing_density
D:4:      layout_basic, lemuel_tele_altar, gammafunk_ghost_split, uniq_sigmund

Skill      XL: |  1  2  3  4 |
---------------+-------------+-----
Dodging        | 3 |  3.5
Shields        | 3 |  3.3
Maces & Flails | 2 3 |  3.6
Fighting       | 3 |  3.0
Stealth        | |  0.4

Action                   |  1- 3 |  4- 6 || total
-------------------------+-------+-------++-------
Melee: Flail             |    77 |    69 ||   146
       Scythe            |       |    18 ||    18
  Use: Potion            |       |     5 ||     5
       Scroll            |       |     7 ||     7
Armor: Robe              |    43 |    65 ||   108
       Skin              |       |     4 ||     4
Dodge: Dodged            |    37 |    80 ||   117
Block: Kite shield       |    55 |    30 ||    85
